 Dungeon Crawl Stone Soup version 0.25.1-8-g42b30a86e7 (webtiles) character file.

Game seed: 8278390214098913054

293 hawla the Magician (level 6, -4/67 HPs)
             Began as a Draconian Conjurer on Dec 6, 2020.
             Slain by an elf zombie (6 damage)
             ... in an ossuary.
             The game lasted 00:07:03 (2578 turns).

hawla the Magician (Draconian Conjurer)             Turns: 2578, Time: 00:07:05

Health: -4/67      AC:  6    Str: 10    XL:     6   Next: 11%
Magic:  2/13       EV: 12    Int: 18    God:
Gold:   108        SH:  0    Dex: 11    Spells: 8/15 levels left

rFire    . . .     SeeInvis .   (no weapon)
rCold    . . .     Gourm    .   (no shield)
rNeg     . . .     Faith    .   (armour unavailable)
rPois    .         Spirit   .   (helmet restricted)
rElec    .         Reflect  .   (no cloak)
rCorr    .         Harm     .   (no gloves)
MR       .....                  (no boots)
Stlth    ..........             (no amulet)
HPRegen  0.21/turn              (no ring)
MPRegen  0.13/turn              (no ring)

@: berserking (expiring), very slightly contaminated, very quick
A: unfitting armour, sense surroundings 1, cold-blooded, AC +6
a: no special abilities


You were in an ossuary.
You were not hungry.

You visited 1 branch of the dungeon, and saw 3 of its levels.
You also visited: Ossuary.

You collected 108 gold pieces.

Inventory:

Missiles
 c - 10 poisoned darts (quivered)
 j - 6 boomerangs
Scrolls
 a - 2 scrolls of amnesia
 e - 2 scrolls of fog {unknown}
 f - a scroll of remove curse
 g - 3 scrolls of identify
 h - a scroll of magic mapping
Potions
 d - 2 potions of curing
Comestibles
 b - 2 rations
 k - 4 chunks of flesh


   Skills:
 - Level 1.7 Dodging
 - Level 1.7 Stealth
 + Level 5.2 Spellcasting
 - Level 4.0 Conjurations
 * Level 2.8 Translocations


You had 8 spell levels left.
You knew the following spells:

 Your Spells              Type           Power        Failure   Level  Hunger
a - Magic Dart            Conj           ###.         2%          1    None
b - Searing Ray           Conj           ###...       3%          2    #......
c - Iskenderun's Mystic   Conj/Tloc      ###.....     32%         4    ####...

Your spell library contained the following spells:

 Spells                   Type           Power        Failure   Level  Hunger
 Dazzling Flash           Conj/Hex       ##....       17%         3    ##.....
 Fulminant Prism          Conj/Hex       ##........   50%         4    ####...


Dungeon Overview and Level Annotations

Branches:
Dungeon (4/15)             Temple (0/1) D:4         Ossuary (1/1)

Altars:


Innate Abilities, Weirdness & Mutations

Your plain brown scales are hard. (AC +6)
You cannot fit into any form of body armour.
You are cold-blooded and may be slowed by cold attacks.
You passively map a small area around you.


Message History

You punch the elf zombie!
You destroy the elf zombie!
You have reached level 6!
Your experience leads to an increase in your attributes!
Increase (S)trength, (I)ntelligence, or (D)exterity?
You feel clever.
Your scales feel tougher.
The gnoll zombie misses you. x2; The goblin zombie closely misses you.
The elf zombie barely misses you.
You barely miss the elf zombie.
The elf zombie is lightly damaged.
The elf zombie hits you.
* * * LOW HITPOINT WARNING * * *
You punch the elf zombie!
The elf zombie is moderately damaged.
The gnoll zombie completely misses you.
The goblin zombie hits you but does no damage.
The gnoll zombie hits you.
* * * LOW HITPOINT WARNING * * *
The elf zombie barely misses you. The elf zombie hits you.
You die...

, , *
...............
...............
, ,
...............*
,
...............
,
...............
.....M...M.....
,
......Z.Z......
, *
......∩@.......
∩
......ZZZ......
* ,
.....M.........
,
...............
, ,
...............
, *
*...............
*
...............,
...............
* ,*


You could see 3 mummies, a goblin zombie, 2 gnoll zombies and 2 elf zombies.

Vanquished Creatures
  An elf zombie (Ossuary)
  An orc priest (D:2)
  A hound (D:2)
  An orc wizard (D:2)
  A worker ant (D:4)
  A hound zombie (Ossuary)
  2 adders (D:2)
  3 dart slugs
  A leopard gecko (D:1)
  6 orcs (D:2)
  3 giant cockroaches
  5 goblins
  A hobgoblin (D:1)
  16 jackals
  4 kobolds
  2 quokkas (D:2)
  A ball python (D:2)
  6 bats
  5 frilled lizards
  A hobgoblin zombie (Ossuary)
  2 jackal zombies (Ossuary)
  An orc zombie (Ossuary)
  8 rats
  A rat zombie (Ossuary)
74 creatures vanquished.

Notes
Turn   | Place    | Note
-------+----------+-------------------------------------------
     0 | D:1      | hawla the Draconian Conjurer began the quest for the Orb.
     0 | D:1      | Reached XP level 1. HP: 14/14 MP: 3/3
   257 | D:1      | Reached XP level 2. HP: 20/20 MP: 3/5
   313 | D:1      | Learned a level 2 spell: Searing Ray
   516 | D:1      | Reached skill level 3 in Spellcasting
   637 | D:1      | Reached XP level 3. HP: 15/26 MP: 1/7
  1295 | D:2      | Reached skill level 4 in Spellcasting
  1295 | D:2      | Reached XP level 4. HP: 33/33 MP: 2/10
  1551 | D:2      | Found a faded altar of an unknown god.
  1630 | D:2      | Reached XP level 5. HP: 38/38 MP: 6/12
  1699 | D:2      | Learned a level 4 spell: Iskenderun's Mystic Blast
  2112 | D:2      | Reached skill level 5 in Spellcasting
  2112 | D:2      | Reached skill level 1 in Translocations
  2498 | D:2      | You fall into a shaft and drop 2 floors!
  2546 | D:4      | Found a sand-covered staircase.
  2555 | Ossuary  | Entered an ossuary
  2565 | Ossuary  | Gained mutation: You are resistant to hostile enchantments.
                  | (MR+) [potion of mutation]
  2565 | Ossuary  | Lost mutation: You are resistant to hostile enchantments.
                  | (MR+) [potion of mutation]
  2565 | Ossuary  | Gained mutation: You passively map a small area around you.
                  | [potion of mutation]
  2576 | Ossuary  | Reached XP level 6. HP: 11/45 MP: 2/13
  2578 | Ossuary  | HP: 2/67 [gnoll zombie (5)]
  2578 | Ossuary  | Slain by an elf zombie

Illustrated notes

Levels and vault maps discovered:
D:1:      dpeg_arrival_long_road, layout_rooms
D:2:      layout_loops_ring, chequers_ecumenical_altar_lobes
D:4:      layout_basic, nicolae_overflow_crystal_walls, kennysheep_mini,
          temple_statues, nicolae_ossuary_entry_ruins, serial_shops, shop,
          uniq_eustachio
Ossuary:  ossuary_minmay_tomb_2a

Skill      XL: |  1  2  3  4  5 |
---------------+----------------+-----
Spellcasting   | 3 4 5 |  5.2
Translocations | 2 |  2.8
Dodging        | |  1.7
Stealth        | |  1.7
Conjurations   | |  4.0

Action                   |  1- 3 |  4- 6 || total
-------------------------+-------+-------++-------
Melee: Unarmed           |    13 |    27 ||    40
       Tailslap          |     3 |     3 ||     6
 Cast: Magic Dart        |    41 |    22 ||    63
       Searing Ray       |     8 |    21 ||    29
       Iskenderun's Myst |       |     1 ||     1
  Use: Scroll            |     4 |     1 ||     5
       Potion            |       |     2 ||     2
  Eat: Chunk             |     1 |     5 ||     6
Armor: Skin              |     8 |    15 ||    23
Dodge: Dodged            |    15 |    51 ||    66
